 Dungeon Crawl Stone Soup version 0.15-a0-1015-g702813b (webtiles) character file.

103 Quh the Magician (level 4, -4/24 HPs)
             Began as a Deep Elf Wizard on May 26, 2014.
             Killed by divine providence
             ... invoked by an orc priest
              (16 damage)
             ... on Level 4 of the Dungeon.
             The game lasted 00:09:19 (2582 turns).

Quh the Magician (Deep Elf Wizard)                  Turns: 2582, Time: 00:09:20

HP  -4/24        AC  2     Str  5      XL: 4   Next: 51%
MP  13/16        EV 12     Int 23      God:
Gold 113         SH  0     Dex 13      Spells:  5 memorised,  2 levels left

rFire  . . .     SeeInvis .     e - +1,+0 short sword
rCold  . . .     Clarity  .     k - +0 robe
rNeg   . . .     Conserve .     (no shield)
rPois  .         rCorr    .     b - +0 hat
rElec  .         rRot     .     (no cloak)
SustAb .         Spirit   .     (no gloves)
rMut   .         Warding  .     (no boots)
Gourm  .         Stasis   .     (no amulet)
MR     .....                    (no ring)
                                (no ring)

@: very slightly contaminated, not resistant to hostile enchantments, unstealthy
A: no striking features
a: no special abilities


You were on level 4 of the Dungeon.
You were not hungry.

You visited 1 branch of the dungeon, and saw 4 of its levels.

You collected 113 gold pieces.

Inventory:

Hand weapons
 e - a +1,+0 short sword (weapon)
 h - a +0,+0 dagger
 l - a +0,+0 long sword
 o - a -3,+0 short sword
 r - a +0,+0 short sword
Armour
 a - a +0 robe
 b - a +0 hat (worn)
 k - a +0 robe (worn)
Magical devices
 C - a wand of frost (13) {unknown}
Comestibles
 d - 2 bread rations
 p - a meat ration
 u - a pear
 v - a beef jerky
 A - a rotting chunk of goblin flesh
Scrolls
 g - a scroll of fog {unknown}
 i - a scroll of fear
 j - 3 scrolls of identify
 t - a scroll of magic mapping {unknown}
 w - a scroll of enchant armour {unknown}
 x - 2 scrolls of remove curse
 y - a scroll of teleportation {unknown}
Potions
 f - a potion of invisibility
 m - a potion of brilliance {unknown}
 n - a potion of paralysis {unknown}
 q - a potion of heal wounds {unknown}
 s - a potion of agility {unknown}
 z - a potion of cure mutation {unknown}
 B - a potion of restore abilities
Books
 c - a book of Minor Magic

   Spells                             Type                      Level
   *Magic Dart                        Conjuration                  1
   *Blink                             Translocation                2
   *Call Imp                          Summoning                    2
   *Repel Missiles                    Charms/Air                   2
   Slow                               Hexes                        2
   Conjure Flame                      Conjuration/Fire             3
   *Mephitic Cloud                    Conjuration/Poison/Air       3


   Skills:
 - Level 2.4 Dodging
 * Level 3.8 Stealth
 + Level 4.9 Spellcasting
 * Level 2.1 Conjurations
 + Level 1.4 Summonings
 * Level 1.7 Translocations
 * Level 1.7 Air Magic
 * Level 0.7 Poison Magic


You had 2 spell levels left.
You knew the following spells:

 Your Spells              Type           Power        Failure   Level  Hunger
a - Magic Dart            Conj           ###.         4%          1    None
b - Blink                 Tloc           N/A          10%         2    None
c - Call Imp              Summ           ##......     10%         2    None
d - Repel Missiles        Chrm/Air       #.....       12%         2    None
e - Mephitic Cloud        Conj/Pois/Air  ##......     17%         3    ##.....


Dungeon Overview and Level Annotations

Branches:
Dungeon (4/15)
 Temple: D:4-7

Altars:


Message History

You can't see any susceptible monsters within range! (Use Z to cast anyway.)
An orc and an orc wizard come into view.
The orc wizard mumbles some strange words.
The orc wizard seems to speed up.
An orc priest comes into view. It is wielding a club.
Casting: Magic Dart
Confirm with . or Enter, or press ? or * to list all spells.
Aiming: Mephitic Cloud
Press: ? - help, Shift-Dir - straight line You miscast Mephitic Cloud.
You are very lightly contaminated with residual magic.
You smell something strange.
You see here 9 gold pieces.
The orc wizard casts a spell.
The orc wizard flickers and vanishes!
Deactivating autopickup; reactivate with Ctrl-A.
The orc priest invokes the aid of Beogh against you.
Something smites you!
Ouch! That really hurt!
You die...

.........##
.........####
............####
.............>.#
...............#
...............#
...............#
..............##
.........@..###
.........####
........$#
.........#
......o.......#
......oJ....##
....o.......#
......o......#
.........>..#


You could see a jelly, an orc priest, an orc wizard and 2 orcs.

Vanquished Creatures
  4 adders
  2 worms
  3 giant geckos (D:2)
  An ooze (D:2)
  3 ball pythons
  4 giant cockroaches (D:1)
  6 goblins
  4 hobgoblins
  2 jackals (D:2)
  6 kobolds
  A quokka (D:2)
  9 bats
  A giant newt (D:1)
  2 rats
48 creatures vanquished.

Vanquished Creatures (collateral kills)
  3 orcs (D:3)
3 creatures vanquished.

Grand Total: 51 creatures vanquished

Notes
Turn   | Place    | Note
--------------------------------------------------------------
     0 | D:1      | Quh, the Deep Elf Wizard, began the quest for the Orb.
     0 | D:1      | Reached XP level 1. HP: 10/10 MP: 6/6
   362 | D:1      | Reached XP level 2. HP: 12/15 MP: 3/9
   408 | D:1      | Learned a level 2 spell: Blink
   411 | D:1      | Learned a level 2 spell: Call Imp
   414 | D:1      | Learned a level 2 spell: Repel Missiles
   964 | D:2      | Reached skill level 1 in Air Magic
   964 | D:2      | Reached XP level 3. HP: 19/19 MP: 6/13
  1109 | D:2      | Learned a level 3 spell: Mephitic Cloud
  1891 | D:3      | Reached XP level 4. HP: 24/24 MP: 12/16
  2582 | D:4      | Killed from afar by an orc priest

Action                   |  1- 3 |  4- 6 || total
-------------------------+-------+-------++-------
Melee: Dagger            |    20 |       ||    20
       Unarmed           |     2 |       ||     2
       Short sword       |       |     3 ||     3
 Cast: Magic Dart        |    94 |    41 ||   135
       Call Imp          |     2 |       ||     2
       Mephitic Cloud    |     1 |       ||     1
  Use: Scroll            |     2 |     1 ||     3
       Potion            |       |     2 ||     2
